[Event "EYCC Open U18 2018"]
[Site "Riga"]
[Date "2018.08.20"]
[Round "1"]
[White "Nguyen, Thai Dai Van"]
[Black "Yurovskykh, Oleksandr"]
[Result "1/2-1/2"]
[ECO "B27"]
[WhiteElo "2548"]
[BlackElo "2263"]
[Annotator "ChessBase"]
[PlyCount "113"]
[EventDate "2018.08.20"]
[EventType "swiss"]
[EventCountry "LAT"]
[SourceTitle "playchess.com"]
[Source "ChessBase"]
[SourceQuality "1"]
[TimeControl "40/5400+30:1800+30"]

1. e4 c5 2. Nf3 g6 3. c3 d5 4. exd5 Qxd5 5. d4 Nc6 6. Be2 Bg7 7. Be3 cxd4 8. cxd4 Nf6 9. Nc3 Qa5 10. O-O O-O 11. a3 Nd5 12. Nxd5 Qxd5 13. Rc1 Rd8 14. Bc4 Qd6 15. Qb3 e6 16. Bg5 Rf8 17. Bd2 Nxd4 18. Nxd4 Qxd4 19. Bc3 Qf4 20. Rfd1 Bxc3 21. Qxc3 b6 22. g3 Qe4 23. Rd4 Qc6 24. Qd2 Bb7 25. Bd5 Qxc1+ 26. Qxc1 Bxd5 27. Rd3 Rac8 28. Rc3 Rxc3 29. Qxc3 Rb8 30. g4 h6 31. h4 Rb7 32. Qf6 Rd7 33. h5 gxh5 34. gxh5 Kh7 35. f3 b5 36. Kf2 Rb7 37. Ke3 a5 38. Kf4 b4 39. a4 Rd7 40. Qd4 Bc6 41. Qc5 Bxa4 42. Qxa5 Bd1 43. Qxb4 Rd5 44. Qe4+ Rf5+ 45. Ke3 Bb3 46. Qd3 Bd5 47. f4 Kg7 48. Qd4+ Kg8 49. Qd1 Bc6 50. b4 Bb5 51. Qg4+ Kf8 52. Qh4 Kg7 53. Qg4+ Kh7 54. Qd1 Rd5 55. Qc2+ Rf5 56. Qc7 Kg7 57. Qc3+ 1/2-1/2

[Event "EYCC Open U18 2018"]
[Site "Riga"]
[Date "2018.08.20"]
[Round "1"]
[White "Mesaros, Florian"]
[Black "Kristensen, Bjarke Hautop"]
[Result "1-0"]
[ECO "A04"]
[WhiteElo "2422"]
[BlackElo "2181"]
[Annotator "NA"]
[PlyCount "63"]
[EventDate "2018.08.20"]
[EventType "swiss"]
[EventCountry "LAT"]
[SourceTitle "playchess.com"]
[Source "ChessBase"]
[SourceQuality "1"]
[TimeControl "40/5400+30:1800+30"]

1. Nf3 c5 2. c4 Nc6 3. Nc3 e5 4. g3 g6 5. Bg2 Bg7 6. a3 Nge7 7. b4 d6 {[%emt 0:07:20] A37: Symmetrical English vs ...g6: 4 Bg2 Bg7 5 Nf3} 8. Rb1 O-O 9. O-O {[%emt 0:01:03] LiveBook: 99 Games} f5 (9... Rb8 10. d3 h6 11. Nd2 b6 12. Qa4 Bd7 13. b5 Na5 14. Qc2 f5 15. Bb2 Kh7 16. e3 Qe8 17. Rbe1 Nb7 18. f4 Nd8 {1-0 (40) Bocharov,D (2583)-Tregubov,P (2575) Riadh 2017}) 10. Ne1 Rb8 11. Nc2 Be6 12. Ne3 Qd7 13. Ned5 b6 14. b5 $146 ({Predecessor:} 14. d3 h6 15. Qa4 Kh7 16. Bd2 {1-0 (57) Nill,O (2188)-Mestek,I (2095) Amsterdam 2015}) 14... Nd8 15. Nxe7+ Qxe7 16. Nd5 Qd7 17. d3 $14 h6 18. a4 g5 19. f4 exf4 20. gxf4 g4 21. Bb2 Nb7 22. Qe1 Bxb2 23. Rxb2 Qd8 24. Qc3 h5 25. e4 h4 26. exf5 Bxf5 27. Re2 Rf7 28. Rfe1 Qf8 29. Ne7+ Kh7 30. Nxf5 Rxf5 31. Re7+ Rf7 32. Qf6 1-0

[Event "EYCC Open U18 2018"]
[Site "Riga"]
[Date "2018.08.20"]
[Round "1"]
[White "Stauskas, Lukas"]
[Black "Kevlishvili, Robby"]
[Result "1-0"]
[ECO "D45"]
[WhiteElo "2256"]
[BlackElo "2497"]
[Annotator "ChessBase"]
[PlyCount "101"]
[EventDate "2018.08.20"]
[EventType "swiss"]
[EventCountry "LAT"]
[SourceTitle "playchess.com"]
[Source "ChessBase"]
[SourceQuality "1"]
[TimeControl "40/5400+30:1800+30"]

1. d4 d5 2. c4 c6 3. Nf3 Nf6 4. Nc3 e6 5. e3 Nbd7 6. Qc2 Bd6 7. b3 O-O 8. Bb2 b6 9. Bd3 Bb7 10. O-O Rc8 11. Rad1 h6 12. Rfe1 Qc7 13. e4 dxe4 14. Nxe4 Nxe4 15. Rxe4 Nf6 16. Rh4 Be7 17. Ne5 Rfd8 18. Re1 c5 19. dxc5 Qxc5 20. Qe2 Qd6 21. Rh3 Kf8 22. Rg3 a5 23. Bc3 Bc6 24. Bb1 Be8 25. a4 Qc7 26. Qb2 Rd6 27. Ng4 Qd8 28. Qc2 Bc6 29. h3 Bb7 30. Nxh6 gxh6 31. Qc1 Ke8 32. Bxf6 Bxf6 33. Rg8+ Ke7 34. Rxd8 Rcxd8 35. Qxh6 Bc3 36. Qh4+ Ke8 37. Re3 Rd1+ 38. Kh2 Bb4 39. Be4 Bd6+ 40. g3 Bxe4 41. Qxe4 Bc5 42. Rf3 Rf1 43. Qc6+ Rd7 44. Rxf7 Kxf7 45. Qxd7+ Kf6 46. g4 Rxf2+ 47. Kg3 Re2 48. g5+ Ke5 49. g6 Re3+ 50. Kg4 Re4+ 51. Kh5 1-0

[Event "EYCC Open U18 2018"]
[Site "Riga"]
[Date "2018.08.20"]
[Round "1"]
[White "Radenic, Filip"]
[Black "Gaifullin, Artur"]
[Result "0-1"]
[ECO "A13"]
[WhiteElo "2198"]
[BlackElo "2461"]
[Annotator "ChessBase"]
[PlyCount "92"]
[EventDate "2018.08.20"]
[EventType "swiss"]
[EventCountry "LAT"]
[SourceTitle "playchess.com"]
[Source "ChessBase"]
[SourceQuality "1"]
[TimeControl "40/5400+30:1800+30"]

1. c4 e6 2. Nf3 Nf6 3. g3 d5 4. Bg2 d4 5. O-O c5 6. e3 Nc6 7. exd4 cxd4 8. d3 Bd6 9. a3 a5 10. b3 O-O 11. Bb2 e5 12. Re1 Re8 13. Nbd2 Bf5 14. Qc2 Rc8 15. Rac1 b5 16. Ng5 b4 17. a4 Nd7 18. Nge4 Bf8 19. Rcd1 Bg4 20. f3 Be6 21. Nf1 f5 22. Nf2 Nc5 23. Bc1 Bf7 24. f4 e4 25. dxe4 fxe4 26. Nxe4 Bg6 27. Nfd2 d3 28. Qb2 Bh5 29. Ng5 Bxd1 30. Rxe8 Qxe8 31. Bd5+ Kh8 32. Nf7+ Qxf7 33. Bxf7 Be7 34. Qa1 Nxb3 35. Nxb3 Bxb3 36. Bb2 Bf8 37. Qe1 Rd8 38. Bd5 d2 39. Qxd2 Bxc4 40. Qe3 Bxd5 41. f5 Bf7 42. h4 Rd5 43. Qf4 Rd1+ 44. Kh2 Bd5 45. g4 Rb1 46. Qd2 Bd6+ 0-1

[Event "EYCC Open U18 2018"]
[Site "Riga"]
[Date "2018.08.20"]
[Round "1"]
[White "Cirovic, Miroljub"]
[Black "Plazuelo Pascual, Juan"]
[Result "1/2-1/2"]
[ECO "A50"]
[WhiteElo "2190"]
[BlackElo "2429"]
[Annotator "NA RC"]
[PlyCount "44"]
[EventDate "2018.08.20"]
[EventType "swiss"]
[EventCountry "LAT"]
[SourceTitle "playchess.com"]
[Source "ChessBase"]
[SourceQuality "1"]
[TimeControl "40/5400+30:1800+30"]

1. d4 Nf6 2. c4 b6 3. Nf3 Bb7 4. Nbd2 {[%emt 0:03:17] A50: Queen's Fianchetto Defence (1 d4 Nf6 2 c4 b6)} (4. g3 g6 5. Bg2 Bg7 6. O-O O-O 7. Nc3 Ne4 8. Bd2 e6 9. Nxe4 Bxe4 10. Bc3 c5 11. Rc1 Nc6 12. e3 Qc7 13. Qd2 Qb7 14. Ne1 cxd4 15. exd4 Ne7 {½-½ (43) Lenic,L (2662)-Vachier Lagrave,M (2789) chess.com INT 2018}) 4... e6 5. e3 c5 {[%emt 0:07:37] LiveBook: 22 Games} 6. dxc5 bxc5 7. b3 Be7 8. Bb2 O-O 9. Bd3 Nc6 10. O-O d5 $146 ({Predecessor:} 10... a5 11. Rc1 d6 12. Bb1 Qd7 13. Ng5 g6 14. Qf3 e5 15. Qe2 Ne8 16. f4 f5 17. Rfd1 Bxg5 18. fxg5 {½-½ (55) Tabatt,H (2302)-Barski,R (2407) Germany 2017}) 11. a3 a5 12. cxd5 exd5 13. e4 dxe4 14. Nxe4 Nd4 15. Bxd4 cxd4 16. Nxf6+ Bxf6 17. Nd2 Rc8 18. Nc4 $15 Rc5 19. f4 h6 20. Qd2 Qc7 21. Rac1 Ba6 22. b4 axb4 1/2-1/2

[Event "EYCC Open U18 2018"]
[Site "Riga"]
[Date "2018.08.22"]
[Round "3"]
[White "Livaic, Leon"]
[Black "Laurent Paoli, Pierre"]
[Result "1-0"]
[ECO "A58"]
[WhiteElo "2495"]
[BlackElo "2320"]
[Annotator "RC"]
[PlyCount "111"]
[EventDate "2018.08.20"]
[EventType "swiss"]
[EventCountry "LAT"]
[SourceTitle "playchess.com"]
[Source "ChessBase"]
[SourceQuality "1"]
[TimeControl "40/5400+30:1800+30"]

1. d4 Nf6 2. c4 c5 3. d5 b5 4. cxb5 a6 5. bxa6 g6 6. Nc3 Bg7 7. e4 O-O 8. a7 Rxa7 9. Nf3 e6 10. Be2 exd5 11. exd5 d6 12. O-O Na6 13. Nb5 Rd7 14. Bc4 Bb7 15. Bg5 h6 16. Bxf6 Qxf6 17. Rb1 g5 18. h3 h5 19. Nh2 Qg6 20. Re1 Nc7 21. Nxc7 Rxc7 22. Bd3 f5 23. Re6 Rf6 24. g4 Qf7 25. Bxf5 Rxf5 26. gxf5 Qxf5 27. Re8+ Bf8 28. Rc1 Rf7 29. Qc2 Qxd5 30. Qg6+ Rg7 31. Qe6+ Qxe6 32. Rxe6 Bd5 33. Rh6 g4 34. hxg4 hxg4 35. Rc3 Re7 36. Rg6+ Kf7 37. Rxg4 Re1+ 38. Nf1 Bg7 39. Rf4+ Ke6 40. Re3+ Rxe3 41. Nxe3 Bxa2 42. b4 cxb4 43. Re4+ Kd7 44. Rxb4 Kc6 45. Nf5 Bf6 46. Ra4 Be6 47. Ra6+ Kd5 48. Nxd6 Bd7 49. Nc4 Bd4 50. Rd6+ Kxc4 51. Rxd7 Kd3 52. Kg2 Ke4 53. Rxd4+ Kxd4 54. Kf3 Kd5 55. Kf4 Kd6 56. Kf5 1-0

[Event "EYCC Open U18 2018"]
[Site "Riga"]
[Date "2018.08.22"]
[Round "3"]
[White "Ozen, Bahadir"]
[Black "Erenberg, Ariel"]
[Result "1/2-1/2"]
[ECO "E47"]
[WhiteElo "2302"]
[BlackElo "2399"]
[Annotator "NA"]
[PlyCount "38"]
[EventDate "2018.08.20"]
[EventType "swiss"]
[EventCountry "LAT"]
[SourceTitle "playchess.com"]
[Source "ChessBase"]
[SourceQuality "1"]
[TimeControl "40/5400+30:1800+30"]

1. d4 Nf6 2. c4 e6 3. Nc3 Bb4 4. e3 O-O 5. Bd3 b6 6. Nf3 d5 7. O-O Ba6 {[%emt 0:00:03] E52: Nimzo-Indian: Rubinstein: 4...0-0 5 Nf3 d5 6 Bd3 b6} 8. cxd5 exd5 9. Bxa6 Nxa6 {[%emt 0:00:02] LiveBook: 62 Games} 10. Qd3 Qc8 11. Bd2 Qb7 $146 ({Predecessor:} 11... Re8 12. Rac1 Bf8 13. a3 c5 14. dxc5 Nxc5 {½-½ (54) Mamedyarov,S (2736)-Carlsen,M (2850) Berlin 2015}) 12. a3 Be7 13. b4 c5 14. bxc5 bxc5 15. Rfb1 Qc8 16. dxc5 Nxc5 17. Nxd5 Nxd5 18. Qxd5 Bf6 19. Nd4 Rd8 $14 1/2-1/2

[Event "EYCC Open U18 2018"]
[Site "Riga"]
[Date "2018.08.22"]
[Round "3"]
[White "Vasiesiu, Victor"]
[Black "Ioannidis, Evgenios"]
[Result "0-1"]
[ECO "B56"]
[WhiteElo "2297"]
[BlackElo "2343"]
[Annotator "NA"]
[PlyCount "62"]
[EventDate "2018.08.20"]
[EventType "swiss"]
[EventCountry "LAT"]
[SourceTitle "playchess.com"]
[Source "ChessBase"]
[SourceQuality "1"]
[TimeControl "40/5400+30:1800+30"]

1. e4 c5 2. Nf3 d6 3. d4 cxd4 4. Nxd4 Nf6 5. Nc3 Nc6 6. f3 e5 7. Nb3 Be7 8. Be3 O-O 9. Qd2 Be6 10. Nd5 a5 {[%emt 0:01:25] B56: Classical Sicilian: Unusual Lines} 11. Bb6 (11. c4 a4 12. Nc1 Bxd5 13. cxd5 Nd4 14. Ne2 Nxe2 15. Bxe2 Nd7 16. O-O h6 17. Bb5 Nc5 18. Bxc5 dxc5 {1-0 (39) Caruana,F (2823)-Topalov,V (2760) Saint Louis 2016}) 11... Qb8 12. Bc7 Qc8 13. Nxe7+ Nxe7 14. Qxd6 $146 ({But not} 14. Bxd6 Rd8 $17) ({Predecessor:} 14. Bxa5 d5 15. Bb4 Re8 16. Nc5 Nc6 17. Bd3 dxe4 18. Nxe4 Nxe4 19. fxe4 Nxb4 20. Qxb4 {0-1 (53) Sacerdotali,S (2090)-Pedro,F (2082) LSS email 2011}) 14... Nc6 15. Bb6 $1 Nd7 16. Bf2 Nb4 17. Bd3 Nxc2+ 18. Bxc2 Qxc2 19. O-O Rfc8 20. Qa3 a4 21. Rac1 axb3 22. Rxc2 bxc2 23. Qe3 Rxa2 24. Qc1 b5 25. Be3 b4 26. Bd2 b3 27. Bc3 Rxc3 28. bxc3 Bc4 29. Re1 Bd3 30. Qe3 b2 31. Qxd3 c1=Q 0-1

[Event "EYCC Open U18 2018"]
[Site "Riga"]
[Date "2018.08.22"]
[Round "3"]
[White "Kowalski, Igor"]
[Black "Nothnagel, Marian Can"]
[Result "1/2-1/2"]
[ECO "E34"]
[WhiteElo "2294"]
[BlackElo "2338"]
[Annotator "NA"]
[PlyCount "45"]
[EventDate "2018.08.20"]
[EventType "swiss"]
[EventCountry "LAT"]
[SourceTitle "playchess.com"]
[Source "ChessBase"]
[SourceQuality "1"]
[TimeControl "40/5400+30:1800+30"]

1. d4 Nf6 2. c4 e6 3. Nc3 Bb4 4. Qc2 d5 5. cxd5 Qxd5 6. e3 {[%emt 0:04:38] LiveBook: 276 Games} c5 7. Bd2 Bxc3 8. Bxc3 O-O 9. Nf3 b6 10. dxc5 Qxc5 11. Bd3 Bb7 12. O-O Nc6 13. Qa4 Rad8 14. Rfd1 $14 e5 15. Ng5 Qe7 16. Ne4 Nd5 17. Bc4 Nxc3 18. Nxc3 Rxd1+ 19. Rxd1 Rd8 20. Rxd8+ Qxd8 21. Bd5 Qd6 22. e4 g6 23. h3 1/2-1/2

[Event "EYCC Open U18 2018"]
[Site "Riga"]
[Date "2018.08.22"]
[Round "3"]
[White "Ranaldi, Lucas"]
[Black "Ileana, George"]
[Result "1/2-1/2"]
[ECO "A17"]
[WhiteElo "2291"]
[BlackElo "2324"]
[Annotator "NA"]
[PlyCount "153"]
[EventDate "2018.08.20"]
[EventType "swiss"]
[EventCountry "LAT"]
[SourceTitle "playchess.com"]
[Source "ChessBase"]
[SourceQuality "1"]
[TimeControl "40/5400+30:1800+30"]

1. Nf3 Nf6 2. c4 e6 3. Nc3 Bb4 4. Qc2 O-O 5. a3 Bxc3 {[%emt 0:00:55] LiveBook: 1207 Games} 6. Qxc3 d6 7. e3 {[%emt 0:01:39] A17: English Opening: 1...Nf6 with ...Bb4} (7. b4 e5 8. g3 Bd7 9. d3 e4 10. dxe4 Nxe4 11. Qd4 Re8 12. Bb2 f6 13. Bg2 Nc6 14. Qd5+ Kh8 {½-½ (30) Nihal,S (2551)-Zhigalko,S (2616) Ankara 2018}) 7... Qe7 8. Be2 e5 9. d3 $146 ({Predecessor:} 9. b4 Bg4 10. Bb2 Nbd7 11. d3 b6 12. h3 Be6 13. g4 a5 14. d4 axb4 15. axb4 Rxa1+ 16. Bxa1 {0-1 (39) Duluc,J (2179)-Hauroo,H (2122) Paris 2004}) 9... Bg4 10. O-O c6 11. b4 Nbd7 12. Bb2 Rfe8 13. Rfe1 h6 14. h3 Bf5 15. Nd2 d5 16. Rad1 Qd6 17. e4 Bg6 18. Nf1 (18. exd5 $14 cxd5 19. d4) 18... d4 19. Qb3 c5 20. b5 Nf8 21. Nd2 Qd7 22. Bf1 Bh5 23. Ra1 Ne6 24. g3 Ng5 25. Kh2 Nf3+ 26. Nxf3 Bxf3 27. Bg2 Bxg2 28. Kxg2 Nh7 29. g4 ({White should try} 29. Bc1 $11) 29... Re6 30. Bc1 g5 31. Bd2 Nf8 32. Rf1 Ng6 33. f3 Qe7 34. Be1 $17 h5 35. Bg3 Qf6 36. Qc2 Kg7 37. a4 a6 38. Qd2 axb5 39. axb5 Ree8 40. Rh1 h4 41. Bh2 Kh6 42. Rhb1 Rec8 43. Rc1 Rd8 44. Rcb1 Qb6 45. Ra2 Ra7 46. Rba1 Rda8 47. Kf2 f6 48. Ke2 Kg7 49. Kd1 Nf8 50. Kc1 Ne6 51. Kb1 Nc7 52. Rxa7 Rxa7 53. Rxa7 Qxa7 54. Qa2 Qb6 55. Kc2 Kf7 56. Qa4 Ke7 57. Bg1 Kd7 58. Bh2 Kc8 59. Bg1 Kb8 60. Bh2 Qa7 61. Kb3 Qb6 62. Kc2 Qa7 63. Kb3 Qxa4+ 64. Kxa4 Ne6 65. Ka5 Kc7 66. Ka4 Kb6 67. Kb3 Ka5 68. Ka3 Nc7 69. Bg1 Ne6 70. Bh2 Kb6 71. Ka4 Kc7 72. Kb3 Kd6 73. Ka4 Nf8 74. Bg1 Kc7 75. Bh2 Ng6 76. Kb3 Kb6 77. Ka4 1/2-1/2

[Event "EYCC Open U18 2018"]
[Site "Riga"]
[Date "2018.08.24"]
[Round "5"]
[White "Erenberg, Ariel"]
[Black "Ioannidis, Evgenios"]
[Result "0-1"]
[ECO "D31"]
[WhiteElo "2399"]
[BlackElo "2343"]
[Annotator "NA"]
[PlyCount "80"]
[EventDate "2018.08.20"]
[EventType "swiss"]
[EventCountry "LAT"]
[SourceTitle "playchess.com"]
[Source "ChessBase"]
[SourceQuality "1"]
[TimeControl "40/5400+30:1800+30"]

1. d4 d5 2. c4 e6 3. Nc3 Be7 4. cxd5 exd5 5. Bf4 c6 6. e3 Bf5 7. g4 Be6 8. Bd3 {[%emt 0:01:54] D31: Queen's Gambit Declined: Semi-Slav without ...Nf6 (+ Marshall Gambit and Noteboom) and Exchange Variation lines without ...Nf6} (8. Qb3 Qb6 9. f3 g5 10. Be5 f6 11. Bg3 Qxb3 12. axb3 h5 13. gxh5 Rxh5 14. Bd3 Kf7 15. h4 f5 {½-½ (42) Kramnik,V (2800)-So,W (2799) Berlin 2018}) 8... Nd7 9. h3 h5 10. gxh5 Ndf6 {[%emt 0:00:11] LiveBook: 12 Games} 11. Qb3 Qb6 12. Qc2 Nxh5 13. Nge2 $146 ({Predecessor:} 13. Be5 Ngf6 14. O-O-O Nd7 15. Bh2 Qa5 16. Kb1 {½-½ (27) Bjornsson,S (2067)-Span,P (2278) Fuegen 2006}) 13... Nxf4 14. Nxf4 Bd7 15. O-O-O Qa5 16. Kb1 Nf6 $15 17. f3 O-O-O 18. e4 Kb8 19. e5 Nh5 20. Qh2 Ka8 21. h4 Rh6 22. Nce2 Rdh8 23. Nxh5 Rxh5 24. Qg2 Bf8 25. f4 Qd8 26. Qf3 g6 27. Ng3 Rxh4 28. f5 gxf5 29. Nxf5 Rxh1 30. Rxh1 Rxh1+ 31. Qxh1 Bxf5 32. Bxf5 Qg5 33. Bc2 Qf4 34. Qg1 a6 35. a3 Ka7 36. Ka2 Be7 37. Qd1 Bd8 38. Kb3 Bb6 39. Qe2 Bxd4 40. e6 fxe6 0-1

[Event "EYCC Open U18 2018"]
[Site "Riga"]
[Date "2018.08.24"]
[Round "5"]
[White "Kowalski, Igor"]
[Black "Mirzoyan, Davit T."]
[Result "1/2-1/2"]
[ECO "A40"]
[WhiteElo "2294"]
[BlackElo "2364"]
[Annotator "NA"]
[PlyCount "66"]
[EventDate "2018.08.20"]
[EventType "swiss"]
[EventCountry "LAT"]
[SourceTitle "playchess.com"]
[Source "ChessBase"]
[SourceQuality "1"]
[TimeControl "40/5400+30:1800+30"]

1. d4 e6 2. c4 b6 3. e4 Bb7 4. Bd3 Nc6 5. Ne2 g6 6. Nbc3 Bg7 7. Be3 Nge7 8. Qd2 d5 {[%emt 0:26:58] LiveBook: 3 Games} 9. cxd5 exd5 10. e5 Qd7 11. O-O O-O 12. Rac1 Rad8 13. Bg5 f6 14. exf6 Bxf6 15. Bxf6 Rxf6 $14 16. f3 Rdf8 17. Rfe1 Nd8 18. Ng3 Nf7 19. Re2 Re6 20. Rce1 Rxe2 21. Qxe2 Re8 22. Bb5 c6 23. Ba4 Kf8 24. Qd2 Qd6 25. Qe3 Bc8 26. Bb3 Bd7 27. Qd3 Ng8 28. Rxe8+ Bxe8 29. Nge2 Bd7 30. g3 Nf6 31. Kg2 Bc8 32. a3 Qe7 33. Kf2 Qd6 1/2-1/2

[Event "EYCC Open U18 2018"]
[Site "Riga"]
[Date "2018.08.24"]
[Round "5"]
[White "Garanin, Aleksei"]
[Black "Sousa, Andre Ventura"]
[Result "1/2-1/2"]
[ECO "D38"]
[WhiteElo "2203"]
[BlackElo "2376"]
[Annotator "NA"]
[PlyCount "76"]
[EventDate "2018.08.20"]
[EventType "swiss"]
[EventCountry "LAT"]
[SourceTitle "playchess.com"]
[Source "ChessBase"]
[SourceQuality "1"]
[TimeControl "40/5400+30:1800+30"]

1. d4 Nf6 2. c4 e6 3. Nf3 d5 4. Nc3 Bb4 5. cxd5 exd5 6. Bg5 Qd6 {[%emt 0:00:03] D38: Queen's Gambit Declined: Ragozin Defence (4 Nf3 Bb4)} (6... h6 7. Bh4 O-O 8. e3 Bf5 9. a3 Bxc3+ 10. bxc3 Nbd7 11. Be2 c5 12. O-O g5 13. Bg3 Ne4 14. c4 dxc4 15. Bxc4 {0-1 (49) Onischuk,A (2672)-Shankland,S (2671) Saint Louis 2018}) 7. e3 Ne4 8. Rc1 Nxg5 9. Nxg5 c6 $146 ({Predecessor:} 9... Bf5 10. Bd3 Bxd3 11. Qxd3 c6 12. Qf5 Qd7 13. Qe5+ Kf8 14. Nf3 {½-½ (22) Abhilash,R (2188)-Ashwath,R (2290) Abu Dhabi 2017}) 10. Bd3 Qf6 11. Nf3 O-O 12. Qc2 g6 13. O-O Be6 14. Qb3 Qe7 $1 15. Na4 b6 16. Ne5 Rc8 17. a3 Bd6 18. f4 f6 19. Nf3 Bf7 20. Bb1 Nd7 21. Qd3 $17 Be6 22. Qd2 Bg4 23. Ne1 b5 24. Nc3 Nb6 25. e4 Nc4 26. Qf2 dxe4 27. Nxe4 Bf5 28. Nxd6 Nxd6 29. Nd3 Nc4 30. Rfe1 Qd6 31. Nc5 Re8 32. Ba2 Qd5 33. h3 Rad8 34. Nb7 Rxe1+ 35. Rxe1 Rd7 36. Nc5 Rd8 37. Nb7 Rd7 38. Nc5 Rd8 1/2-1/2

[Event "EYCC Open U18 2018"]
[Site "Riga"]
[Date "2018.08.26"]
[Round "6"]
[White "Ioannidis, Evgenios"]
[Black "Nothnagel, Marian Can"]
[Result "1-0"]
[ECO "A13"]
[WhiteElo "2343"]
[BlackElo "2338"]
[Annotator "NA"]
[PlyCount "67"]
[EventDate "2018.08.20"]
[EventType "swiss"]
[EventCountry "LAT"]
[SourceTitle "playchess.com"]
[Source "ChessBase"]
[SourceQuality "1"]
[TimeControl "40/5400+30:1800+30"]

1. c4 e6 2. Nc3 d5 3. d4 Bb4 4. cxd5 exd5 5. Qa4+ Nc6 6. Nf3 Nge7 7. Bf4 O-O 8. e3 Bd7 9. Qb3 a5 10. a3 a4 11. Qc2 Bf5 12. Bd3 Bxc3+ $11 13. Qxc3 Bxd3 14. Qxd3 Ng6 15. Bg3 Na5 16. Qb5 c6 17. Qxa4 Nc4 18. Qc2 Qa5+ 19. Nd2 f5 20. O-O-O b5 21. Nxc4 bxc4 22. Bd6 Rf7 23. f3 Re8 24. Rhe1 Qd8 25. Bb4 Qg5 26. Kb1 Nh4 27. e4 fxe4 28. fxe4 g6 29. Re2 Rxe4 30. Rxe4 dxe4 31. Qxe4 Nxg2 32. Rg1 Qe3 33. Qxg2 Rf2 34. Qg3 1-0

[Event "EYCC Open U18 2018"]
[Site "Riga"]
[Date "2018.08.26"]
[Round "6"]
[White "Ozen, Bahadir"]
[Black "Haug, Johannes"]
[Result "1-0"]
[ECO "E53"]
[WhiteElo "2302"]
[BlackElo "2398"]
[Annotator "NA"]
[PlyCount "146"]
[EventDate "2018.08.20"]
[EventType "swiss"]
[EventCountry "LAT"]
[SourceTitle "playchess.com"]
[Source "ChessBase"]
[SourceQuality "1"]
[TimeControl "40/5400+30:1800+30"]

1. Nf3 d5 2. d4 Nf6 3. c4 e6 4. Nc3 Bb4 5. e3 O-O 6. Bd3 c5 7. cxd5 exd5 {[%emt 0:02:54] E53: Nimzo-Indian: Rubinstein: Main Line (4...0-0 5 Nf3 d5 6 Bd3 c5 7 0-0)} 8. dxc5 Nbd7 (8... Nc6 9. O-O Bg4 10. Na4 Ne4 11. a3 Bxc5 12. h3 Bxf3 13. gxf3 Qg5+ 14. Kh1 Qh4 15. fxe4 Qxh3+ {½-½ (25) So,W (2780)-Wei,Y (2729) chess.com INT 2018}) 9. Bd2 Nxc5 10. Be2 Ba5 11. O-O a6 12. Nxd5 Nxd5 13. Bxa5 b6 $146 ({Predecessor:} 13... Qxa5 14. Qxd5 Be6 15. Qh5 {1-0 (77) Vaisser,A (2505)-Pushkov,N (2325) Marianske Lazne 2016}) 14. Bc4 bxa5 15. Qxd5 Be6 16. Qxd8 Rfxd8 17. Rfc1 Nd3 18. Bxd3 Rxd3 19. Rc2 Rd6 20. Nd4 Bd7 21. Rac1 a4 22. h3 Kf8 23. Rc7 Rb8 24. R1c2 Ke8 25. g4 Rdb6 26. b3 axb3 27. axb3 g6 28. Kg2 h5 29. Kg3 hxg4 30. hxg4 R8b7 31. Rxb7 Rxb7 32. Kf4 Ke7 33. f3 Be8 34. Ra2 Rb6 35. Ra5 Bd7 36. Rc5 Kd6 37. Rc3 Rb7 38. Kg5 Ke7 39. f4 Ra7 40. e4 a5 41. Rc5 a4 42. bxa4 Rxa4 43. Re5+ Kf8 44. Rd5 Ke7 45. f5 $16 gxf5 46. gxf5 f6+ 47. Kf4 Ra1 48. Nc2 Ra4 49. Rd1 Bc6 50. Nd4 Bd7 51. Rd3 Rc4 52. Ke3 Ra4 53. Rb3 Kd6 54. Rb8 Ra3+ 55. Kf4 Ra4 56. Ne2 Bc6 57. Ng3 Ra8 58. Rb2 Rh8 59. Rd2+ Ke7 60. Rd4 Rh4+ 61. Kf3 Rh8 62. Ne2 Rd8 63. Rb4 Ra8 64. Nd4 Ra3+ 65. Kf4 Bd7 66. Rb6 Ra4 67. Nc2 Bc8 68. Nb4 Kf7 69. Rb8 Bd7 70. Rb7 Kf8 71. Rb6 Kf7 72. Nd5 Rc4 73. Rb7 Ke8 1-0

[Event "EYCC Open U18 2018"]
[Site "Riga"]
[Date "2018.08.26"]
[Round "6"]
[White "Stauskas, Lukas"]
[Black "Erenberg, Ariel"]
[Result "1-0"]
[ECO "E32"]
[WhiteElo "2256"]
[BlackElo "2399"]
[Annotator "NA"]
[PlyCount "143"]
[EventDate "2018.08.20"]
[EventType "swiss"]
[EventCountry "LAT"]
[SourceTitle "playchess.com"]
[Source "ChessBase"]
[SourceQuality "1"]
[TimeControl "40/5400+30:1800+30"]

1. d4 Nf6 2. c4 e6 3. Nc3 Bb4 4. Qc2 O-O 5. Nf3 d5 6. cxd5 exd5 7. Bg5 h6 8. Bh4 c5 9. dxc5 Nbd7 10. e3 Nxc5 11. a3 Bxc3+ 12. Qxc3 Nce4 13. Qd4 Bg4 14. Be2 Qa5+ 15. b4 Qb6 16. Qxb6 axb6 17. h3 Bd7 $14 18. Bxf6 Nxf6 19. Ne5 Be6 20. f3 Rfc8 21. Kd2 Ne8 22. Rhc1 Rxc1 23. Kxc1 Nd6 24. Kd2 g5 25. Bd3 Kg7 26. f4 d4 27. fxg5 dxe3+ 28. Kxe3 hxg5 29. Nf3 Kf6 30. h4 gxh4 31. Nxh4 Bd5 32. Kf4 Rc8 33. g4 Rc3 34. g5+ Ke6 35. Be2 Kd7 36. Nf5 Nxf5 37. Kxf5 Ke7 38. Kf4 Rc2 39. Rd1 Bc6 40. Re1 Kf8 41. Bh5 Rc4+ 42. Ke5 Rh4 43. Bd1 Kg7 44. Rf1 Rh3 45. a4 Rg3 46. Kf4 Ra3 47. b5 Bd7 48. Rf3 Ra1 49. Bb3 Be6 50. Bxe6 Rxa4+ 51. Ke5 fxe6 52. Kxe6 Kg6 53. Rf5 Rc4 54. Rd5 Rc5 55. Kd6 Rc1 56. Kd7 Rc5 57. Rd6+ Kxg5 58. Rxb6 Rf5 59. Rxb7 Rf7+ 60. Kc6 Rf6+ 61. Kc5 Rf5+ 62. Kb6 Kf6 63. Rc7 Ke6 64. Rc1 Kd7 65. Ka6 Rf2 66. b6 Ra2+ 67. Kb7 Rb2 68. Ka7 Ra2+ 69. Kb8 Rb2 70. b7 Rb3 71. Rd1+ Kc6 72. Kc8 {[%emt 0:00:35] Kd5} 1-0